 Dungeon Crawl Stone Soup version 0.16.2-12-gd0ad4c3 (webtiles) character file.

8188 Seneschal the Blocker (level 11, -5/94 (97) HPs)
             Began as a Minotaur Fighter on Sept 21, 2015.
             Was a High Priest of Okawaru.
             Killed by divine providence
             ... invoked by an orc priest
              (14 damage)
             ... on level 4 of the Orcish Mines.
             The game lasted 00:54:22 (9415 turns).

Seneschal the Blocker (Minotaur Fighter)            Turns: 9415, Time: 00:54:26

HP:   -5/94 (97)    AC: 12    Str: 29      XL:     11   Next: 6%
MP:   4/4           EV: 11    Int:  5      God:    Okawaru [*****.]
Gold: 1274          SH: 12    Dex:  5 (10) Spells: 0 memorised, 10 levels left

rFire  . . .     SeeInvis .     f - +1 war axe (elec)
rCold  . . .     Clarity  .     b - +3 scale mail
rNeg   . . .     SustAb   .     c - +0 shield
rPois  .         Gourm    .     (helmet restricted)
rElec  .         Spirit   .     (no cloak)
rCorr  .         Warding  .     r - +0 pair of gloves
rMut   .         Stasis   .     (no boots)
MR     +....                    m - amulet of regeneration
Stlth  ..........               I - ring of protection from magic
                                g - ring of invisibility

@: mighty, about to teleport, very slightly contaminated, hasted, very quick,
somewhat resistant to hostile enchantments, extremely unstealthy
A: retaliatory headbutt, horns 2
a: Heroism, Finesse, Renounce Religion, Evoke Invisibility


You were on level 4 of the Orcish Mines.
You worshipped Okawaru.
Okawaru was extremely pleased with you.
You were not hungry.

You visited 3 branches of the dungeon, and saw 15 of its levels.
You also visited: Sewer.

You collected 1404 gold pieces.
You spent 130 gold pieces at shops.

Inventory:

Hand weapons
 a - a +1 war axe
 f - a +1 war axe of electrocution (weapon)
 k - a +0 hand axe
 n - a +0 flail
 y - a +0 dire flail
 C - a +0 war axe
Armour
 b - a +3 scale mail (worn)
 c - a +0 shield (worn)
 o - a +0 ring mail
 q - a +0 pair of gloves
 r - a +0 pair of gloves (worn)
 z - a +0 chain mail
 H - a +2 leather armour of poison resistance
 M - a +0 cloak
Jewellery
 g - a ring of invisibility (left hand)
 m - an amulet of regeneration (around neck)
 I - a ring of protection from magic (right hand)
 J - an uncursed ring of poison resistance
 K - a cursed amulet of inaccuracy
Magical devices
 A - a wand of lightning (4)
 B - a wand of flame (12)
 F - a wand of confusion (14)
 N - a wand of confusion (24)
 O - a wand of random effects (23)
 T - a wand of random effects (32)
Scrolls
 l - a scroll of amnesia
 p - 4 scrolls of identify
 t - 4 scrolls of blinking
 w - 2 scrolls of recharging
 x - a scroll of fog
 P - a scroll of remove curse
Potions
 e - a potion of might
 j - a potion of brilliance
 s - a potion of agility
 u - a potion of restore abilities
 E - a potion of curing
Books
 R - a Necronomicon {highlevel, unknown}

   This book is beyond your current level of understanding.

   Spells                             Type                      Level
   a - Haunt                          Necromancy/Summoning         7
   b - Borgnjor's Revivification      Necromancy                   8
   c - Death's Door                   Charms/Necromancy            8
   d - Necromutation                  Transmutation/Necromancy     8
Comestibles
 d - 9 bread rations
 i - 7 meat rations
 Q - a beef jerky


   Skills:
 + Level 9.1 Fighting
 + Level 10.2 Axes
 + Level 9.2 Armour
 + Level 8.0 Dodging
 + Level 1.7 Stealth
 + Level 10.5 Shields


You had 10 spell levels left.
You didn't know any spells.

Dungeon Overview and Level Annotations

Branches:
Dungeon (10/15)            Temple (1/1) D:5             Orc (4/4) D:10
   Lair: D:8-11         Elf: Orc:3-4

Altars:
Ashenzari
Cheibriados
Dithmenos
Elyvilon
Fedhas
Gozag
Kikubaaqudgha
Makhleb
Nemelex Xobeh
Okawaru
Qazlal
Ru
Sif Muna
Trog
Vehumet
Xom
Yredelemnul
Zin
The Shining One
Beogh

Shops:
D:4 (%   D:5 *


Innate Abilities, Weirdness & Mutations

You reflexively headbutt those who attack you in melee.
You have a pair of horns on your head.


Message History

Blink to where?
Press: ? - help, Dir - move target cursor
As you read the scroll of blinking, it crumbles to dust. 4 orcs and an orc priest come into view.
The orc priest shouts!
The orc shouts!
The orc shouts!
The orc shouts!
The orc high priest mumbles some strange prayers to Beogh.
The orc priest invokes the aid of Beogh against you.
Something smites you!
* * * LOW HITPOINT WARNING * * *
Read which item? (? for menu, Esc to quit)
You have no spells to forget!
Read which item? (? for menu, Esc to quit)
As you read the scroll of teleportation, it crumbles to dust.
You feel strangely unstable.
The red devil disappears in a puff of smoke!
The orc priest calls down the wrath of Beogh upon you.
You easily resist.
The orc priest invokes the aid of Beogh against you.
Something smites you!
You die...

######
###.....###
##.@...o...#
##.....ooo....
###......o.o..o
#.#.#.#o#o#o#.#
ยง4...oooo..o..
..#.#.4oo.oo....
oooo.o.)oo.......
#.#o#o#o#.#.#
#....oo.o....


You could see an orc high priest, 2 hellwings, 5 orc warriors, 11 orc priests
and 9 orcs.

Vanquished Creatures
  A hill giant (D:10)
  Joseph (D:7)
  A two-headed ogre (D:8)
  A trapdoor spider zombie (D:10)
  A spriggan (D:10)
  10 yaks
  A hippogriff (D:10)
  Edmund (D:5)
  A water moccasin (D:9)
  3 ice beasts
  3 phantoms
  15 orc warriors
  A necrophage (D:10)
  6 ogres
  A crocodile (Sewer)
  4 big kobolds
  A centaur (D:8)
  3 giant frogs
  6 killer bees (D:8)
  A scorpion (D:5)
  2 electric eels (D:9)
  2 jellies
  4 crimson imps
  A goliath beetle (D:7)
  A giant frog zombie (D:5)
  11 orc priests
  Crazy Yiuf (D:7)
  A centaur skeleton (D:8)
  13 orc wizards
  Natasha (twice) (D:5)
  5 worker ants
  2 iguanas
  A hound skeleton (D:5)
  4 gnolls (D:5)
  15 adders
  A worm zombie (D:4)
  A giant mite (D:2)
  A shadow imp (D:4)
  A white imp (D:5)
  5 worms
  An adder skeleton (D:5)
  3 giant geckos
  116 orcs
  8 giant cockroaches
  11 hobgoblins
  2 jackals (Sewer)
  4 quokkas
  A ball python (D:1)
  17 bats
  9 giant newts
  13 goblins
  31 kobolds
  A quokka skeleton (D:5)
  19 rats
  A bush (D:1)
  2 plants (D:1)
375 creatures vanquished.

Vanquished Creatures (others)
  2 orcs (D:10)
2 creatures vanquished.

Grand Total: 377 creatures vanquished

Notes
Turn   | Place    | Note
--------------------------------------------------------------
     0 | D:1      | Seneschal, the Minotaur Fighter, began the quest for the Orb.
     0 | D:1      | Reached XP level 1. HP: 19/19 MP: 1/1
   155 | D:1      | Reached XP level 2. HP: 27/27 MP: 1/1
   308 | D:1      | Reached skill level 4 in Armour
   958 | D:2      | Reached XP level 3. HP: 33/33 MP: 2/2
  1089 | D:2      | Found a blossoming altar of Fedhas.
  1269 | D:2      | Gained mutation: Your muscles are strong. (Str +2) [potion of mutation]
  1269 | D:2      | Gained mutation: Your body is slowly deteriorating. [potion of mutation]
  1269 | D:2      | Gained mutation: Your system is resistant to poisons. [potion of mutation]
  1270 | D:2      | Gained mutation: You are robust (+10% HP). [potion of mutation]
  1270 | D:2      | Gained mutation: Your muscles are very strong. (Str +4) [potion of mutation]
  1442 | D:2      | Reached XP level 4. HP: 44/44 MP: 2/2
  1465 | D:2      | Found a white marble altar of Elyvilon.
  1942 | D:3      | Reached skill level 1 in Dodging
  1956 | D:3      | Reached XP level 5. HP: 50/50 MP: 2/2
  2068 | D:3      | Found a sacrificial altar of Ru.
  2074 | D:3      | Reached skill level 5 in Shields
  2785 | D:4      | Noticed a phantom
  2813 | D:4      | Killed a phantom
  2813 | D:4      | Reached skill level 1 in Stealth
  2813 | D:4      | Reached XP level 6. HP: 58/58 MP: 3/3
  2883 | D:4      | Found Kleirr's Food Shoppe.
  2915 | D:4      | Bought a slice of pizza for 15 gold pieces
  2915 | D:4      | Bought a bread ration for 50 gold pieces
  2915 | D:4      | Bought a bread ration for 50 gold pieces
  2915 | D:4      | Bought a slice of pizza for 15 gold pieces
  2947 | D:4      | Reached skill level 5 in Armour
  2988 | D:4      | Noticed an ogre
  2994 | D:4      | Killed an ogre
  3012 | D:4      | Reached skill level 5 in Fighting
  3012 | D:4      | Reached XP level 7. HP: 53/67 MP: 3/3
  3454 | D:4      | Found Klattulu's Weapon Shoppe.
  3536 | D:5      | Entered Level 5 of the Dungeon
  3536 | D:5      | Noticed Edmund
  3557 | D:5      | Killed Edmund
  3557 | D:5      | Reached skill level 5 in Axes
  3557 | D:5      | Reached skill level 6 in Shields
  3634 | D:5      | Found a bloodstained altar of Trog.
  3689 | D:5      | Noticed Natasha
  3697 | D:5      | Killed Natasha
  3737 | D:5      | Noticed Natasha
  3747 | D:5      | Killed Natasha
  3805 | D:5      | Found Shrehe's Assorted Antiques.
  4049 | D:5      | Found a staircase to the Ecumenical Temple.
  4148 | Temple   | Entered the Ecumenical Temple
  4296 | Temple   | Became a worshipper of Warmaster Okawaru
  4375 | D:6      | Found a glowing drain.
  4395 | Sewer    | Entered a sewer
  4459 | Sewer    | Reached XP level 8. HP: 68/75 MP: 3/3
  5409 | D:7      | Noticed Joseph
  5421 | D:7      | Killed Joseph
  5421 | D:7      | Reached skill level 7 in Shields
  5431 | D:7      | Reached skill level 5 in Dodging
  5693 | D:7      | Found a snail-covered altar of Cheibriados.
  6034 | D:7      | Noticed Crazy Yiuf
  6038 | D:7      | Killed Crazy Yiuf
  6176 | D:7      | Acquired Okawaru's first power
  6176 | D:7      | Reached XP level 9. HP: 83/85 MP: 4/4
  6452 | D:8      | Reached skill level 8 in Axes
  7116 | D:9      | Reached skill level 9 in Shields
  7123 | D:9      | Reached XP level 10. HP: 85/96 MP: 4/4
  7320 | D:10     | Entered Level 10 of the Dungeon
  7441 | D:10     | Noticed a hill giant
  7451 | D:10     | Killed a hill giant
  7967 | D:10     | Reached skill level 10 in Shields
  8196 | D:10     | Found a roughly hewn altar of Beogh.
  8196 | D:10     | Found a staircase to the Orcish Mines.
  8222 | Orc:1    | Entered Level 1 of the Orcish Mines
  8507 | Orc:2    | Reached skill level 10 in Axes
  8682 | Orc:2    | Acquired Okawaru's second power
  8995 | Orc:3    | Reached XP level 11. HP: 101/103 MP: 4/4
  9133 | Orc:3    | Found a roughly hewn altar of Beogh.
  9406 | Orc:4    | Entered Level 4 of the Orcish Mines
  9409 | Orc:4    | Noticed an orc high priest
  9413 | Orc:4    | Lost mutation: Your body is slowly deteriorating. [potion of cure mutation]
  9413 | Orc:4    | Lost mutation: Your muscles are very strong. (Str +4) [potion of cure mutation]
  9413 | Orc:4    | Lost mutation: You are robust (+10% HP). [potion of cure mutation]
  9413 | Orc:4    | Lost mutation: Your muscles are strong. (Str +2) [potion of cure mutation]
  9413 | Orc:4    | Lost mutation: Your system is resistant to poisons. [potion of cure mutation]
  9415 | Orc:4    | Killed from afar by an orc priest

Action                   |  1- 3 |  4- 6 |  7- 9 | 10-12 || total
-------------------------+-------+-------+-------+-------++-------
Melee: War axe           |   148 |   144 |   315 |   349 ||   956
       Unarmed           |       |       |     7 |       ||     7
 Abil: Evoke Invisibilit |     1 |       |     1 |       ||     2
  Use: Scroll            |     5 |     6 |     8 |     6 ||    25
       Potion            |     2 |       |     2 |    15 ||    19
 Stab: Paralysed         |       |     3 |       |       ||     3
  Eat: Chunk             |     2 |     1 |     7 |     2 ||    12
       Beef jerky        |       |     1 |       |       ||     1
       Bread ration      |       |     1 |     1 |     1 ||     3
       Pizza             |       |       |     2 |     2 ||     4
       Meat ration       |       |       |       |     1 ||     1
